 Dungeon Crawl Stone Soup version 0.29-a0-334-gb41bcbb86e (webtiles) character file.

Game seed: 18247254983554397297

8834 zishaf the Party-goer (level 11, -2/66 HPs)
             Began as a Vine Stalker Brigand on Apr 13, 2022.
             Was the Champion of Uskayaw.
             Slain by a centaur warrior
             ... wielding a +3 whip of venom
              (9 damage)
             ... on level 9 of the Dungeon on Apr 14, 2022.
             The game lasted 00:20:15 (8527 turns).

zishaf the Party-goer (Vine Stalker Brigand)        Turns: 8527, Time: 00:20:17

Health: -2/66      AC:  9    Str: 14    XL:     11   Next: 37%
Magic:  0/18       EV: 10    Int: 13    God:    Uskayaw [******]
Gold:   662        SH: 16    Dex: 20    Spells: 10/10 levels left

rFire   + . .      SeeInvis +   f - +4 dagger (venom)
rCold   + + +      Faith    .   p - +0 kite shield
rNeg    . . .      Spirit   +   I - +0 steam dragon scales
rPois   +          Reflect  +   G - +0 hat of the Arcane {+Blink rC++ Int+2}
rElec   .          Harm     .   c - +0 cloak
rCorr   .          Rampage  .   h - +1 pair of gloves
Will    ++...                   M - +0 pair of boots
Stlth   +++.......              i - amulet of reflection
HPRegen 1.01/turn               T - ring of protection from fire
MPRegen 0.16/turn               v - ring "Jofomuss" {rPois Will+ SInv}

@: about to teleport, slowed, very slow
A: fangs 3, regeneration 1, magic shield, antimagic bite, no potion heal 2, cold
resistance 1, robust 1
a: Renounce Religion, Evoke Blink, Stomp, Line Pass, Grand Finale


You were on level 9 of the Dungeon.
You worshipped Uskayaw.
Uskayaw was aware of your devotion.
You visited 2 branches of the dungeon, and saw 10 of its levels.
You also visited: Sewer and Bailey.

You collected 662 gold pieces.

Inventory:

Hand Weapons
 a - a +2 dagger
 f - a +4 dagger of venom (weapon)
 m - a +2 dagger of protection
Missiles
 d - 43 poisoned darts (quivered)
 e - 6 curare-tipped darts
 w - 6 boomerangs
 x - 5 atropa-tipped darts
Armour
 c - a +0 cloak (worn)
 h - a +1 pair of gloves (worn)
 j - a +1 helmet
 l - a +4 plate armour
 p - a +0 kite shield (worn)
 C - a +1 robe of willpower
 G - the +0 hat of the Arcane (worn) {+Blink rC++ Int+2}
   (You found it in a bailey)

   Int:       It affects your intelligence (+2).
   rC:        It greatly protects you from cold.
   +Blink:    It lets you blink.
 I - +0 steam dragon scales (worn)
 M - a +0 pair of boots (worn)
 S - +0 ice dragon scales
Jewellery
 i - an amulet of reflection (around neck)
 r - a +6 ring of intelligence
 u - a ring of willpower
 v - the ring "Jofomuss" (right hand) {rPois Will+ SInv}
   (You found it on level 4 of the Dungeon)

   [ring of poison resistance]

   rPois:     It protects you from poison.
   SInv:      It lets you see invisible.
   Will:      It increases your willpower.
 y - a ring of wizardry
 T - a ring of protection from fire (left hand)
Wands
 q - a wand of paralysis (2)
 t - a wand of mindburst (14)
 K - a wand of flame (6)
 Q - a wand of iceblast (7)
Scrolls
 g - 4 scrolls of teleportation
 z - a scroll of magic mapping
 A - 3 scrolls of enchant armour
 F - a scroll of brand weapon
 H - 2 scrolls of fear
 J - 2 scrolls of fog
 N - a scroll of enchant weapon
 P - a scroll of amnesia
Potions
 k - 4 potions of mutation
 o - a potion of haste
 B - 3 potions of attraction
 D - 2 potions of flight
 E - 3 potions of curing
 L - a potion of magic
 O - a potion of cancellation
 R - a potion of invisibility
 U - a potion of lignification {unknown}
 V - a potion of might {unknown}


   Skills:
 + Level 8.5 Fighting
 + Level 8.5 Short Blades
 - Level 1.7 Throwing
 - Level 1.0 Dodging
 - Level 6.0 Stealth
 - Level 6.0 Shields
 * Level 9.1 Invocations
 + Level 1.7 Evocations


You had 10 spell levels left.
You didn't know any spells.
Your spell library contained the following spells:

 Spells                   Type           Power      Damage    Failure   Level
 Apportation              Tloc           0%         N/A       63%         1
 Sting                    Tmut/Pois      0%         1d3       63%         1
 Blink                    Tloc           0%         N/A       77%         2
 Ensorcelled Hibernation  Hex/Ice        0%         N/A       77%         2
 Poisonous Vapours        Pois/Air       0%         N/A       77%         2
 Gell's Gravitas          Tloc           0%         N/A       94%         3
 Lesser Beckoning         Tloc           0%         N/A       94%         3
 Spider Form              Tmut/Pois      0%         N/A       94%         3
 Teleport Other           Tloc           0%         N/A       94%         3
 Anguish                  Hex/Necr       0%         N/A       100%        4
 Olgreb's Toxic Radiance  Pois           0%         N/A       100%        4
 Alistair's Intoxication  Tmut/Pois      0%         N/A       100%        5
 Fireball                 Conj/Fire      0%         3d3       100%        5
 Iskenderun's Battlesphe  Conj           0%         2d6       100%        5
 Manifold Assault         Tloc           0%         N/A       100%        5
 Conjure Ball Lightning   Conj/Air       0%         3x3d6     100%        6
 Orb of Destruction       Conj           0%         9d5       100%        7


Dungeon Overview and Level Annotations

Branches:
Dungeon (9/15)             Temple (1/1) D:6           Sewer (visited)
 Bailey (visited)
   Lair: D:8-11         Orc: D:9-12

Altars:
Cheibriados
Fedhas
Gozag
Hepliaklqana
Makhleb
Trog
Uskayaw
Vehumet
Yredelemnul


Innate Abilities, Weirdness & Mutations

You have razor-sharp teeth.
Your natural rate of healing is unusually fast.
When hurt, damage is shared between your health and your magic reserves.
Your bite disrupts and absorbs the magic of your enemies.
Potions cannot restore your health.
Your flesh is cold resistant. (rC+)
You are robust. (+10% HP)


Message History

The centaur warrior hits you with a +3 whip of venom!
* * * LOW HITPOINT WARNING * * *
You block the centaur warrior's attack. The wraith hits you but does no damage.
Unknown command.
Aiming: Mindburst
Press: ? - help, Shift-Dir - straight line, f - centaur warrior
Aim: a centaur warrior, wielding a +3 whip of venom (severely wounded, extremely poisoned, chance to affect: 55%)
Okay, then.
Okay, then.
Okay, then.
You closely miss the centaur warrior. Your bite misses the centaur warrior.
The centaur warrior is severely wounded.
The centaur warrior hits you with a +3 whip of venom.
* * * LOW HITPOINT WARNING * * *
You block the centaur warrior's attack.
You closely miss the centaur warrior. You bite the centaur warrior!
You drain its power.
You feel invigorated.
The centaur warrior is almost dead.
You block the centaur warrior's attack.
The centaur warrior kicks you but does no damage.
The wraith closely misses you.
You block the centaur warrior's attack. x2
You hit the wraith but do no damage. Your bite misses the wraith.
The wraith is heavily damaged.
The wraith hits you. The wraith drains your vigour!
You feel yourself slow down.
The centaur warrior hits you with a +3 whip of venom!
* * * LOW HITPOINT WARNING * * *
The centaur warrior kicks you but does no damage.
The centaur warrior unwields a +3 whip of venom.
It stops dripping with poison.
The centaur warrior wields a +0 shortbow.
The centaur warrior shoots an arrow.
The arrow closely misses you.
You hear a shout!
As you read the scroll of teleportation, it crumbles to dust.
You feel strangely unstable.
The centaur warrior unwields a +0 shortbow.
The centaur warrior wields a +3 whip of venom.
It begins to drip with poison!
The centaur warrior hits you with a +3 whip of venom!
You die...

##########..#....,,,,,,,#........
............#..#.,,,,*,,#........
............##..#*,**,,##........
###..........#..#*,**,,#........#
#..........#..#*,,,,,#........#
#..........#..#****,.#........#
###...>.....##..#####..##.......#
.†).........#..#.cO..#..#.......#
#########...#)..@W......#..######
#†.##)..#####...##.#
#..#†####...####[#.#
##..##.........###.#
#.......###.......# #########
#########


You could see a centaur warrior (very poisoned), a two-headed ogre and a wraith.

Vanquished Creatures
  2 centaur warriors (D:9)
  An orc knight (Bailey)
  A deep elf pyromancer (Bailey)
  Psyche (D:8)
  2 trolls (D:9)
  12 yaks
  A steam dragon (D:7)
  3 vampire mosquitoes (D:7)
  2 water moccasins (D:7)
  An ice beast (D:6)
  2 sky beasts (D:7)
  5 orc warriors
  2 black bears
  3 centaurs
  6 kobold brigands
  A bullfrog (D:3)
  A gnoll sergeant (D:7)
  3 necrophages
  2 scorpions
  4 wights (D:6)
  10 killer bees
  3 howler monkeys
  A jelly (D:6)
  5 hounds
  4 orc priests
  A gnoll shaman (D:6)
  5 iguanas
  6 orc wizards
  Robin (D:2)
  3 gnolls (D:6)
  2 river rats (Sewer)
  9 adders
  A shadow imp (D:7)
  3 white imps
  2 ufetubi
  2 worms
  3 dart slugs
  33 orcs
  3 endoplasms
  2 giant cockroaches
  12 goblins
  9 hobgoblins
  4 jackals
  25 kobolds
  5 quokkas
  4 ball pythons
  4 bats
  3 frilled lizards
  7 rats
227 creatures vanquished.

Notes
Turn   | Place    | Note
-------+----------+-------------------------------------------
     0 | D:1      | zishaf the Vine Stalker Brigand began the quest for the
                  | Orb.
     0 | D:1      | Reached XP level 1. HP: 11/11 MP: 2/2
   161 | D:1      | Found a faded altar of an unknown god.
   409 | D:1      | Reached skill level 1 in Dodging
   425 | D:1      | Reached skill level 5 in Stealth
   425 | D:1      | Reached XP level 2. HP: 14/15 MP: 3/3
  1110 | D:2      | Reached XP level 3. HP: 18/18 MP: 4/4
  1357 | D:2      | Noticed Robin
  1392 | D:2      | Killed Robin
  1708 | D:3      | Noticed a bullfrog
  1723 | D:3      | Killed a bullfrog
  1724 | D:3      | Reached skill level 1 in Shields
  1724 | D:3      | Gained mutation: Your natural rate of healing is unusually
                  | fast. [Vine Stalker growth]
  1724 | D:3      | Reached XP level 4. HP: 12/23 MP: 2/5
  1841 | D:3      | Found a radiant altar of Vehumet.
  1886 | D:3      | Reached XP level 5. HP: 27/27 MP: 6/6
  1994 | D:3      | Found an opulent altar of Gozag.
  2419 | D:4      | Gained mutation: Your flesh is cold resistant. (rC+)
                  | [potion of mutation]
  2419 | D:4      | Gained mutation: You are robust. (+10% HP) [potion of
                  | mutation]
  2470 | D:4      | Found a hazy altar of Hepliaklqana.
  2580 | D:4      | Reached XP level 6. HP: 35/35 MP: 7/7
  2707 | D:4      | Identified the ring "Jofomuss" {rPois Will+ SInv}
  3002 | D:4      | Found a burning altar of Makhleb.
  3004 | D:4      | Noticed a balrug
  3008 | D:4      | Noticed a neqoxec
  3008 | D:4      | Noticed a ynoxinul
  3601 | D:5      | Entered Level 5 of the Dungeon
  3849 | D:5      | Reached XP level 7. HP: 40/40 MP: 8/8
  3921 | D:5      | Identified the +1 leather armour of Ileki {Str+5 Slay-5}
  3987 | D:5      | Found a bloodstained altar of Trog.
  4729 | D:6      | Gained mutation: You have razor-sharp teeth. [Vine Stalker
                  | growth]
  4729 | D:6      | Reached XP level 8. HP: 40/46 MP: 9/9
  4845 | D:6      | Reached skill level 5 in Fighting
  4845 | D:6      | Reached skill level 5 in Short Blades
  4923 | D:6      | Reached skill level 5 in Shields
  5012 | D:6      | Found a staircase to the Ecumenical Temple.
  5089 | D:6      | Found a glowing drain.
  5098 | Sewer    | Entered a sewer
  5187 | Sewer    | Reached XP level 9. HP: 49/52 MP: 10/10
  5227 | Sewer    | Found a white marble altar of Elyvilon.
  5328 | Temple   | Entered the Ecumenical Temple
  5348 | Temple   | Became a worshipper of Uskayaw the Reveller
  5523 | D:7      | Reached * piety under Uskayaw
  5524 | D:7      | Reached skill level 1 in Invocations
  5524 | D:7      | Reached ** piety under Uskayaw
  5531 | D:7      | Reached *** piety under Uskayaw
  5533 | D:7      | Reached **** piety under Uskayaw
  5534 | D:7      | Reached skill level 2 in Invocations
  5655 | D:7      | Reached skill level 3 in Invocations
  5809 | D:7      | Reached skill level 4 in Invocations
  6491 | D:8      | Noticed Psyche
  6502 | D:8      | Killed Psyche
  6503 | D:8      | Reached XP level 10. HP: 55/60 MP: 14/14
  6551 | D:7      | Reached skill level 5 in Invocations
  7115 | D:8      | Reached skill level 6 in Invocations
  7123 | D:8      | Reached ***** piety under Uskayaw
  7133 | D:8      | Reached ****** piety under Uskayaw
  7149 | D:8      | Reached skill level 7 in Invocations
  7638 | D:9      | Found a flagged portal.
  7653 | Bailey   | Entered a bailey
  7730 | Bailey   | Found a large runed translucent door.
  7730 | Bailey   | Found a large runed translucent door.
  7730 | Bailey   | Noticed an orc knight
  7774 | Bailey   | Killed an orc knight
  7775 | Bailey   | Reached skill level 8 in Invocations
  7775 | Bailey   | Reached XP level 11. HP: 21/66 MP: 3/18
  7914 | Bailey   | Noticed a deep elf pyromancer
  7963 | Bailey   | Killed a deep elf pyromancer
  7979 | Bailey   | Identified the +0 hat of the Arcane {+Blink rC++ Int+2}
  8431 | D:9      | Noticed a two-headed ogre
  8482 | D:9      | Noticed a centaur warrior
  8483 | D:9      | Noticed a centaur warrior
  8495 | D:9      | Killed a centaur warrior
  8496 | D:9      | Reached skill level 1 in Evocations
  8502 | D:9      | Killed a centaur warrior
  8503 | D:9      | Reached skill level 9 in Invocations
  8506 | D:9      | Noticed a centaur warrior
  8527 | D:9      | Slain by a centaur warrior

Illustrated notes

Levels and vault maps discovered:
D:1:      sevenhm_arrival_forest_fort_large_2, layout_basic,
          ebering_ecumenical_altar_abandoned
D:2:      layout_basic, minmay_heptomino_h4, uniq_robin
D:3:      layout_rooms, mainiacjoe_overflow_boulevard,
          mainiacjoe_overflow_brackets, serial_glass, glass_columns_c,
          glass_columns_a, minmay_mini_jars
D:4:      layout_layer_cave, makhleb_altar_promises_db,
          nicolae_overflow_crystal_walls
D:5:      layout_loops_corners, mainiacjoe_overflow_small_starburst,
          nrook_mini_vaults
D:6:      layout_basic, minmay_temple_entry_proselytizer, gup_sewer_entry_bowl
D:7:      kb_forest_paths, layout_layer_cave, serial_bayou_lagoon_a
D:8:      layout_gridville, uniq_psyche
D:9:      layout_long_grid, enter_bailey_4, minmay_pinched_square
Temple:   nicolae_temple_elliptical

Skill      XL: |  1  2  3  4  5  6  7  8  9 10 11 |
---------------+----------------------------------+-----
Dodging        | 1 |  1.0
Stealth        | 5 6 |  6.0
Fighting       | 2 3 4 5 7 8 |  8.5
Short Blades   | 2 3 4 5 7 8 |  8.5
Shields        | 1 2 4 5 6 |  6.0
Invocations    | 4 8 9 |  9.1
Evocations     | 1 |  1.7
Throwing       | |  1.7

Action                   |  1- 3 |  4- 6 |  7- 9 | 10-12 || total
-------------------------+-------+-------+-------+-------++-------
Melee: Dagger            |    79 |   212 |   386 |   260 ||   937
       Bite              |    22 |    54 |   142 |   100 ||   318
Evoke: Wand              |       |       |       |     5 ||     5
  Use: Scroll            |       |     7 |     1 |    12 ||    20
       Potion            |       |     1 |     2 |       ||     3
 Stab: Sleeping          |     5 |    10 |    13 |     5 ||    33
       Distracted        |     1 |       |       |       ||     1
       Paralysed         |       |       |     3 |     8 ||    11
Armor: Ring mail         |    26 |    83 |     1 |       ||   110
       Robe              |       |       |    80 |       ||    80
       Steam dragon scal |       |       |     3 |    55 ||    58
Dodge: Dodged            |    19 |    43 |    79 |    83 ||   224
Block: Other             |     3 |       |       |       ||     3
       Kite shield       |    24 |   159 |   262 |   208 ||   653
       Reflection        |       |       |     3 |     9 ||    12

Table legend: (Time is in decaauts)
 A = Elapsed time spent in this place.
 B = Non-inter-level travel time spent in this place.
 C = Inter-level travel time spent in this place.
 D = Time resting spent in this place.
 E = Time spent auto-exploring this place.
 F = Levels seen in this place.
 G = Mean time per level.
                   A        B        C        D        E       F      G
               +--------+--------+--------+--------+--------+-----+--------+
         Total |   8417 |   7974 |    443 |      0 |   5653 |  12 |  701.4 |
       Dungeon |   7806 |   7377 |    429 |      0 |   5394 |   9 |  867.3 |
        Temple |     30 |     16 |     14 |      0 |     11 |   1 |   30.0 |
         Sewer |    188 |    188 |      0 |      0 |    117 |   1 |  188.0 |
        Bailey |    391 |    391 |      0 |      0 |    130 |   1 |  391.0 |
               +--------+--------+--------+--------+--------+-----+--------+

Top non-repeatable levels by time:
     D:7: 1204 daAuts
     D:4: 1166 daAuts
     D:5: 1038 daAuts
     D:1: 897 daAuts
     D:2: 773 daAuts
     D:3: 768 daAuts
     D:8: 731 daAuts
     D:6: 635 daAuts
     D:9: 590 daAuts
  Bailey: 391 daAuts
   Sewer: 188 daAuts
  Temple: 30 daAuts
